 Dungeon Crawl Stone Soup version 0.30-a0-956-gcec3b41aec (webtiles) character file.

Game seed: 14610177010365679130

106 bande the Covered (level 4, -1/29 HPs)
             Began as a Gargoyle Fighter on Mar 29, 2023.
             Slain by an orc
             ... wielding a +2 trident of freezing
              (2 damage)
             ... on level 3 of the Dungeon.
             The game lasted 00:03:06 (1783 turns).

bande the Covered (Gargoyle Fighter)                Turns: 1783, Time: 00:03:07

Health: -1/29      AC: 13    Str: 19    XL:     4   Next: 84%
Magic:  4/4        EV:  9    Int:  9    God:
Gold:   93         SH:  4    Dex: 11    Spells: 3/3 levels left

rFire   . . .      SeeInvis .    a - +1 war axe
rCold   . . .      Faith    .    c - +0 buckler
rNeg    + . .      Spirit   .    b - +0 scale mail
rPois   ∞          Reflect  .    (no helmet)
rElec   +          Rampage  .    (no cloak)
rCorr   .                        l - +0 pair of gloves
Will    .....                    g - +0 pair of boots Stlth
                                 (no amulet)
HPRegen 0.24/turn                (no ring)
MPRegen 0.09/turn                (no ring)

@: no status effects
A: sickness immunity, AC +3, negative energy resistance 1, electricity
resistance, torment resistance 1, petrification resistance
a: no special abilities


You were on level 3 of the Dungeon.
You visited 1 branch of the dungeon, and saw 3 of its levels.

You collected 93 gold pieces.

Inventory:

Hand Weapons
 a - a +1 war axe (weapon)
 e - a +0 war axe
Armour
 b - a +0 scale mail (worn)
 c - a +0 buckler (worn)
 g - a +0 pair of boots (worn)
 l - a +0 pair of gloves (worn)
Jewellery
 n - a ring of magical power
Scrolls
 p - a scroll of enchant weapon
Potions
 d - 2 potions of might
 f - 2 potions of curing {unknown}
 h - 2 potions of flight
 i - 2 potions of invisibility
 j - 2 potions of haste {unknown}
 k - a potion of degeneration {unknown}
 m - a potion of heal wounds {unknown}
 o - 2 potions of attraction {unknown}


   Skills:
 + Level 3.8 Fighting
 + Level 3.4 Axes
 + Level 3.9 Armour
 + Level 3.6 Shields


You had 3 spell levels left.
You didn't know any spells.
Your spell library was empty.

Dungeon Overview and Level Annotations

Branches:
Dungeon (3/15)

Altars:
Dithmenos
Kikubaaqudgha

Shops:
D:1 ?


Innate Abilities, Weirdness & Mutations

You are immune to sickness and miasma.
Your stone body is resilient. (AC +3)
You are immune to poison.
You resist negative energy. (rN+)
You are resistant to electric shocks. (rElec)
You are resistant to unholy torment.
You are immune to petrification.


Message History

Found a scroll labelled DIN UBUMILO and a crooked silver wand.
The goblin shouts!
The bat hits you but does no damage. x2
The orc wizard mumbles some strange words.
The orc wizard flickers and vanishes!
Deactivating autopickup; reactivate with Ctrl-A.
You closely miss the orc. You slash the bat!
You kill the bat!
The orc barely misses you.
An orc priest comes into view. It is wielding a +0 short sword.
The quokka misses you.
The orc priest shouts!
You hit the orc.
The orc is severely wounded.
You closely miss the quokka. The quokka misses you.
The orc priest invokes the aid of Beogh against you.
Beogh smites you! The orc hits you but does no damage. x3
You block the quokka's attack. The orc hits you with a +0 hand axe.
You hit the orc but do no damage.
The orc is severely wounded.
You closely miss the quokka. You block the quokka's attack.
The orc hits you but does no damage.
Unknown command.
You hit the orc.
You kill the orc!
You hit the quokka.
You kill the quokka!
Unknown command.
An endoplasm comes into view.
The orc hits you from afar with a +2 trident of freezing.
The orc freezes you. Something hits you.
* * * LOW HITPOINT WARNING * * *
Things that are here:
a +0 hand axe; a +0 leather armour Unknown command.
You miss something. You hit the gnoll.
The orc hits you from afar with a +2 trident of freezing.
* * * LOW HITPOINT WARNING * * *
The orc freezes you.
You die...

#... #... #### ###
####### ....
##########...... .....
#.K..gg.K.g.....
./...w###g########.g....
....og{@g.# ##......
.?..oo##### ###.......
..... #......... .J..
#...##...... .##
.........g...
.#g##.###K###
#.##.###.###
............ .#g##g###)#


You could see a worm, an orc priest, 2 gnolls, 2 orcs, an endoplasm, a goblin
and a kobold.

Vanquished Creatures
  4 adders (D:2)
  A dart slug (D:1)
  2 worms
  2 orcs (D:3)
  9 ball pythons
  7 bats
  6 endoplasms
  2 giant cockroaches (D:2)
  8 goblins
  3 hobgoblins
  5 kobolds
  2 quokkas
  2 frilled lizards
  4 rats
57 creatures vanquished.

Notes
Turn   | Place    | Note
-------+----------+-------------------------------------------
     0 | D:1      | bande the Gargoyle Fighter began the quest for the Orb.
     0 | D:1      | Reached XP level 1. HP: 14/14 MP: 1/1
   199 | D:1      | Reached XP level 2. HP: 19/19 MP: 2/2
   248 | D:1      | Found Niusm's Magic Scroll Shop.
   376 | D:1      | Reached XP level 3. HP: 23/23 MP: 3/3
   609 | D:2      | Found a faded altar of an unknown god.
   728 | D:2      | Reached XP level 4. HP: 29/29 MP: 4/4
  1719 | D:3      | Found an ancient bone altar of Kikubaaqudgha.
  1723 | D:3      | Found a shadowy altar of Dithmenos.
  1783 | D:3      | HP: 1/29 [orc/+2 trident of freezing (5)]
  1783 | D:3      | Slain by an orc

Illustrated notes

Levels and vault maps discovered:
D:1:      minmay_arrival_split_and_join, layout_rooms, serial_shops, shop
D:2:      layout_loops_cross, ebering_ecumenical_altar_rust,
          minmay_misc_feat_roman
D:3:      layout_rooms, grunt_temple_overflow_open, minivault_25,
          minmay_diced_spiral

Skill      XL: |  1  2  3  4 |
---------------+-------------+-----
Axes           | 2 3 |  3.4
Fighting       | |  3.8
Armour         | |  3.9
Shields        | |  3.6

Action                     |  1- 3 |  4- 6 || total
---------------------------+-------+-------++-------
  Melee: War axe           |   114 |    59 ||   173
    Use: Scroll            |     2 |     2 ||     4
 Armour: Scale mail        |    82 |    33 ||   115
  Dodge: Dodged            |    60 |    37 ||    97
  Block: Buckler           |    30 |    17 ||    47

Table legend: (Time is in decaauts)
 A = Elapsed time spent in this place.
 B = Non-inter-level travel time spent in this place.
 C = Inter-level travel time spent in this place.
 D = Time resting spent in this place.
 E = Time spent auto-exploring this place.
 F = Levels seen in this place.
 G = Mean time per level.
                   A        B        C        D        E       F      G
               +--------+--------+--------+--------+--------+-----+--------+
         Total |   1854 |   1831 |     23 |    436 |    892 |   3 |  618.0 |
       Dungeon |   1854 |   1831 |     23 |    436 |    892 |   3 |  618.0 |
               +--------+--------+--------+--------+--------+-----+--------+

Top non-repeatable levels by time:
     D:2: 992 daAuts
     D:1: 554 daAuts
     D:3: 308 daAuts
